 Dungeon Crawl Stone Soup version 0.27-a0-1557-g57f10a385c (webtiles) character file.

Game seed: 6795559355213397652

85136 tilp the Convoker (level 15, -5/115 HPs)
             Began as a Barachi Summoner on July 15, 2021.
             Was the Champion of Okawaru.
             Slain by Saint Roka (39 damage)
             ... on level 2 of the Orcish Mines.
             The game lasted 01:07:13 (41911 turns).

tilp the Convoker (Barachi Summoner)               Turns: 41911, Time: 01:07:14

Health: -5/115     AC: 16    Str: 21    XL:     15   Next: 82%
Magic:  4/25       EV: 22    Int: 16    God:    Okawaru [******]
Gold:   3548       SH:  0    Dex: 23    Spells: 2/28 levels left

rFire    . . .     SeeInvis +   a - +6 glaive "Noirygig" {elec, Will+ rCorr}
rCold    . . .     Faith    +   (shield currently unavailable)
rNeg     . . .     Spirit   .   g - +3 leather armour
rPois    +         Reflect  .   Q - +2 hat {Will+}
rElec    .         Harm     .   J - +1 cloak
rCorr    +         Rampage  .   o - +0 pair of gloves of Living Lucidity {Dex+10 Slay+3 Stlth+}
Will     ++++.                  c - +2 pair of boots
Stlth    +++++.....             R - amulet of faith
HPRegen  0.29/turn              L - ring of poison resistance
MPRegen  0.19/turn              V - ring of the Trout {Will+ Str+6 SInv}

@: heroic, finesse-ful, forested, slow
A: amphibious, slowness 1, strong legs 2, +LOS
a: Hop, Renounce Religion, Heroism, Finesse


You were on level 2 of the Orcish Mines.
You worshipped Okawaru.
Okawaru was exalted by your worship.
You visited 4 branches of the dungeon, and saw 21 of its levels.
You also visited: Bailey and Gauntlet.

You collected 3633 gold pieces.
You spent 85 gold pieces at shops.

Inventory:

Hand Weapons
 a - the +6 glaive "Noirygig" (weapon) {elec, Will+ rCorr}
   (You found it in a bailey)

   It occasionally discharges a powerful burst of electricity upon striking a
   foe.
   rCorr:     It protects you from acid and corrosion.
   Will:      It increases your willpower.
 b - a +1 halberd of flaming
 t - a +0 bardiche of protection
 N - a +0 bardiche
Missiles
 k - 40 poisoned darts (quivered)
 x - a curare-tipped dart
 F - 10 atropa-tipped darts
Armour
 c - a +2 pair of boots (worn)
 g - a +3 leather armour (worn)
 o - the +0 pair of gloves of Living Lucidity (worn) {Dex+10 Slay+3 Stlth+}
   (You found it in a Gauntlet)

   Dex:       It affects your dexterity (+10).
   Slay:      It affects your accuracy & damage with ranged weapons and melee
   (+3).
   Stlth:     It makes you more stealthy.
 C - a +0 pair of boots of stealth
 J - a +1 cloak (worn)
 Q - a +2 hat of willpower (worn)
Jewellery
 p - a ring of positive energy
 I - a ring of protection from cold
 L - a ring of poison resistance (left hand)
 R - an amulet of faith (around neck)
 V - the ring of the Trout (right hand) {Will+ Str+6 SInv}
   (You acquired it on level 11 of the Dungeon)

   [ring of strength]

   Str:       It affects your strength (+6).
   SInv:      It lets you see invisible.
   Will:      It increases your willpower.
 W - the ring "Fopez" {Fly rF+ Int-2 Dex+2 SInv}
   (You found it on level 12 of the Dungeon)

   [ring of protection from fire]

   Int:       It affects your intelligence (-2).
   Dex:       It affects your dexterity (+2).
   rF:        It protects you from fire.
   SInv:      It lets you see invisible.
   Fly:       It grants you flight.
Wands
 m - a wand of paralysis (14)
 r - a wand of charming (3)
 w - a wand of flame (50)
 A - a wand of polymorph (7)
 B - a wand of mindburst (10)
 O - a wand of digging (4)
 U - a wand of iceblast (20)
Scrolls
 e - 2 scrolls of amnesia
 f - 5 scrolls of brand weapon
 n - 5 scrolls of teleportation
 u - 2 scrolls of blinking
 y - 2 scrolls of magic mapping
 D - a scroll of fear
 E - 3 scrolls of enchant weapon
 G - 3 scrolls of summoning
 Y - a scroll of fog
 Z - 3 scrolls of identify
Potions
 d - 5 potions of might
 h - 9 potions of curing
 i - 4 potions of berserk rage
 j - a potion of haste
 l - 3 potions of brilliance
 q - 2 potions of flight
 s - 5 potions of lignification
 v - 3 potions of attraction
 z - 5 potions of cancellation
 H - a potion of invisibility
 K - a potion of heal wounds
Miscellaneous
 T - a phial of floods
 X - a tin of tremorstones (2/2)


   Skills:
 - Level 10.0(15.0) Fighting
 - Level 12.0(17.0) Polearms
 - Level 2.7(7.7) Throwing
 - Level 4.0(9.0) Armour
 - Level 8.0(13.0) Dodging
 - Level 4.0(9.0) Stealth
 + Level 7.3 Spellcasting
 - Level 4.0 Hexes
 * Level 16.5 Summonings
 - Level 4.0 Translocations
 - Level 4.0 Air Magic
 - Level 10.0 Invocations
 - Level 6.0 Evocations


You had 2 spell levels left.
You knew the following spells:

 Your Spells              Type           Power      Damage    Failure   Level
c - Call Canine Familiar  Summ           56%        N/A       1%          3
d - Summon Guardian Gole  Hex/Summ       38%        N/A       1%          3
e - Summon Lightning Spi  Summ/Air       38%        N/A       1%          4
f - Shadow Creatures      Summ           N/A        N/A       2%          6
g - Summon Forest         Summ/Tloc      19%        N/A       5%          5
h - Summon Mana Viper     Hex/Summ       38%        N/A       5%          5

Your spell library contained the following spells:

 Spells                   Type           Power      Damage    Failure   Level
 Summon Small Mammal      Summ           100%       N/A       0%          1
 Call Imp                 Summ           56%        N/A       1%          2
 Apportation              Tloc           36%        N/A       2%          1
 Static Discharge         Conj/Air       12%        N/A       9%          2
 Beastly Appendage        Tmut           10%        N/A       14%         1
 Freeze                   Ice            20%        1d4       14%         1
 Passwall                 Tmut/Erth      4%         N/A       21%         2
 Sublimation of Blood     Necr           2%         N/A       21%         2
 Wereblood                Tmut           5%         N/A       21%         2
 Confusing Touch          Hex            18%        N/A       8%          3
 Swiftness                Air            18%        N/A       8%          3
 Summon Hydra             Summ           28%        N/A       13%         7
 Inner Flame              Hex/Fire       12%        N/A       19%         3
 Cause Fear               Hex            9%         N/A       26%         4
 Frozen Ramparts          Ice            10%        1d3       38%         3
 Ozocubu's Armour         Ice            5%         N/A       38%         3
 Spider Form              Tmut/Pois      2%         N/A       38%         3
 Dispel Undead            Necr           5%         3d7       80%         4
 Hailstorm                Conj/Ice       5%         3d4       80%         4
 Sticky Flame             Conj/Fire      5%         2d3       80%         4
 Alistair's Intoxication  Tmut/Pois      3%         N/A       98%         5
 Dispersal                Tloc           9%         N/A       99%         6
 Invisibility             Hex            9%         N/A       99%         6
 Ozocubu's Refrigeration  Ice            2%         4d5       100%        7
 Discord                  Hex            9%         N/A       100%        8
 Disjunction              Tloc           9%         N/A       100%        8
 Shatter                  Erth           2%         3d6*      100%        9


Dungeon Overview and Level Annotations

Branches:
Dungeon (12/15)            Temple (1/1) D:4            Lair (6/6) D:10
  Swamp (0/4) Lair:3        Snake (0/4) Lair:3        Slime (0/5) Lair:5
    Orc (2/2) D:12            Elf (0/3) Orc:2        Bailey (visited)
Gauntlet (visited)

Altars:
Ashenzari
Cheibriados
Dithmenos
Elyvilon
Fedhas
Gozag
Hepliaklqana
Kikubaaqudgha
Makhleb
Nemelex Xobeh
Okawaru
Qazlal
Ru
Sif Muna
Trog
Uskayaw
Vehumet
Wu Jian
Xom
Yredelemnul
Zin
The Shining One
Beogh
Jiyva

Shops:
D:5 :   D:7 :   D:10 *   Orc:2 *

Annotations:
Lair:6 exclusion: obsidian statue
Orc:1 3 runed translucent doors, ma3's ghost, journeyman DEAE
Orc:2 6 exclusions, Saint Roka


Innate Abilities, Weirdness & Mutations

You are amphibious.
You cover ground slowly.
You can hop long distances.
You have an extended range of vision and can be seen from far away.


Message History

A root lunges up near Saint Roka.
The orc warrior is hit by a branch!
The orc warrior dies!
Okawaru accepts your kill.
You feel a bit more experienced.
A tree reaches out and hits Saint Roka!
You slice Saint Roka!!
Saint Roka is moderately wounded.
Saint Roka hits you with a +3 great sword of pain!!!
You writhe in agony!
* * * LOW HITPOINT WARNING * * *
Unknown command.
You hit Saint Roka.
Saint Roka is moderately wounded.
Your orc warrior completely misses Saint Roka.
Unknown command.
Unknown command.
You slash Saint Roka! Lightning courses through Saint Roka!
Saint Roka is heavily wounded.
The trees move their gnarly branches around.
A tree reaches out and hits the warg!
Unknown command.
Unknown command.
You hit Saint Roka but do no damage.
Saint Roka is heavily wounded.
Saint Roka hits you with a +3 great sword of pain!
* * * LOW HITPOINT WARNING * * *
You writhe in agony.
* * * LOW HITPOINT WARNING * * *
Your orc warrior hits the warg with a +0 scimitar!
Unknown command.
You slice Saint Roka!!
Saint Roka is heavily wounded.
Your dryad calls out to the forest.
Vines fly forth from the trees!
Unknown command.
Unknown command.
You hit Saint Roka but do no damage.
Saint Roka is heavily wounded.
The warg misses you.
Saint Roka hits you with a +3 great sword of pain!!!
You die...

#.........≈≈....#...........#
## .≈≈≈≈....#.#.w......# ##.
.≈≈≈....#....♣.....## #..
.≈≈≈...........♣.#######.
........##........#.##.[[
.......#♣w.....#......)..
...#.)o8......♣.....##.#.
.....♣.#R...##....#######
.o...♣.o@o..#.....#
......)hoo.......######
.....))###.......##.#.##
o...... ##.♣.♣.#......#
.##..w. ##...##.....#.##
##.♣.##....♣.....####
##.......#...####
#........#...# ##.#.#...##.##


You could see Saint Roka (ally target), a warg, an orc warrior (strong), a
friendly dryad (summoned), a friendly orc warrior (summoned), 3 friendly
snaplasher vines, a friendly lightning spire (summoned), a friendly orc wizard
(summoned) and a friendly orc (summoned).

Vanquished Creatures
  A minotaur (Gauntlet)
  A dire elephant (Lair:6)
  An ogre mage (D:10)
  A boulder beetle (D:11)
  7 hydras
  Erica (D:10)
  8 two-headed ogres
  A death scarab (Gauntlet)
  A death yak (Lair:2)
  Urug (Lair:3)
  A spectral anaconda (Lair:6)
  5 necromancers
  A swamp dragon (Lair:5)
  2 orc knights (Orc:1)
  An orc sorcerer (Orc:2)
  3 oklob plants
  A cyclops (Orc:2)
  A dire elephant zombie (Lair:6)
  2 black mambas (Lair:1)
  3 centaur zombies
  11 cane toads
  6 elephants
  A rime drake (Lair:1)
  A gargoyle (D:12)
  4 kobold demonologists
  An unseen horror (D:11)
  2 ice statues
  4 komodo dragons
  An ice devil (Gauntlet)
  4 trolls
  A polar bear (Lair:5)
  A tyrant leech (Lair:5)
  A spectral elephant (Lair:6)
  4 blink frogs (Lair:6)
  A centaur simulacrum (D:11)
  2 wyverns
  36 yaks
  3 basilisks
  Menkaure (D:4)
  A spectral cane toad (Lair:6)
  3 vampire mosquitoes (Lair:5)
  A death yak simulacrum (Lair:6)
  3 wargs
  3 swamp worms (Lair:5)
  5 nagas (Lair:3)
  13 water moccasins
  6 nameless horrors
  A sky beast (D:5)
  2 necrophages
  5 ogres
  A black bear (D:8)
  13 wolves
  25 orc warriors
  4 centaurs
  13 bullfrogs
  2 kobold brigands
  A cane toad simulacrum (Lair:6)
  A wyvern skeleton (D:6)
  11 killer bees
  4 wights (D:6)
  8 electric eels
  A howler monkey (D:9)
  A bullfrog zombie (D:5)
  3 hounds
  A centaur skeleton (D:7)
  15 orc priests
  Ijyb (D:3)
  2 iguanas
  18 orc wizards
  A killer bee zombie (D:5)
  2 hound zombies (D:5)
  2 hound skeletons
  2 howler monkey zombies
  4 adders
  3 gnolls
  8 river rats (D:5)
  2 white imps
  An ufetubus (D:5)
  An adder skeleton (D:4)
  A worm (D:3)
  2 dart slugs
  53 orcs
  7 ball pythons
  An endoplasm (D:2)
  5 goblins
  6 hobgoblins
  2 jackals (D:2)
  9 kobolds
  7 quokkas
  4 bats
  4 frilled lizards
  14 rats
  A butterfly (Lair:2)
438 creatures vanquished.

Vanquished Creatures (collateral kills)
  Gastronok (Lair:1)
  An orc warlord (Orc:2)
  8 hydras
  A catoblepas (Lair:2)
  4 death yaks
  An orc knight (Bailey)
  2 cyclopes
  An elephant (Lair:6)
  A cane toad (Lair:2)
  4 black mambas
  2 rime drakes (Gauntlet)
  A kobold demonologist (D:12)
  2 komodo dragons
  2 polar bears (Lair:2)
  A troll (Orc:2)
  A hornet (D:8)
  2 nameless horrors
  A tyrant leech (Lair:5)
  A blink frog (Lair:6)
  A wyvern (Lair:3)
  A wraith (D:11)
  20 yaks
  Eustachio (D:3)
  3 basilisks (Lair:2)
  A warg (Orc:1)
  A naga (Lair:3)
  3 water moccasins
  A black bear (Lair:3)
  A swamp drake (Lair:5)
  An elephant zombie (Lair:6)
  12 orc warriors
  4 ogres
  A wolf (Lair:2)
  3 bullfrogs
  A wyvern zombie (D:5)
  A scorpion (D:7)
  A gnoll sergeant (D:9)
  2 jellies
  Crazy Yiuf (D:3)
  A hound (D:7)
  5 orc priests
  2 iguanas
  6 orc wizards
  4 gnolls
  2 adders (D:3)
  2 white imps
  36 orcs
  4 ball pythons
  A bat (D:1)
  3 endoplasms
  A giant cockroach (D:1)
  6 quokkas
  2 frilled lizards (D:1)
  4 kobolds
  A rat (D:5)
  2 butterflies (Lair:2)
179 creatures vanquished.

Vanquished Creatures (others)
  Pikel (D:7)
  A wyvern (D:7)
  A wraith (D:10)
  2 yaks (D:9)
  A steam dragon (D:8)
  3 orc warriors (Bailey)
  An ice beast (D:6)
  27 bushes (Lair:1)
  22 fungi
  23 plants
  4 snaplasher vines
  11 withered plants
97 creatures vanquished.

Grand Total: 714 creatures vanquished

Notes
Turn   | Place    | Note
-------+----------+-------------------------------------------
     0 | D:1      | tilp the Barachi Summoner began the quest for the Orb.
     0 | D:1      | Reached XP level 1. HP: 13/13 MP: 3/3
    62 | D:1      | Reached skill level 1 in Fighting
   293 | D:1      | Reached XP level 2. HP: 10/22 MP: 0/5
   662 | D:1      | Found a faded altar of an unknown god.
   898 | D:1      | Reached skill level 5 in Summonings
   902 | D:1      | Learned a level 2 spell: Call Imp
  1481 | D:1      | Identified a scroll of acquirement
  1481 | D:1      | Acquired 1263 gold pieces
  1731 | D:2      | Reached XP level 3. HP: 23/27 MP: 3/6
  1737 | D:2      | Learned a level 3 spell: Call Canine Familiar
  2125 | D:2      | Found a glowing golden altar of the Shining One.
  3011 | D:3      | Reached XP level 4. HP: 31/33 MP: 3/8
  3669 | D:3      | Noticed Ijyb
  3719 | D:3      | Reached skill level 6 in Summonings
  3730 | D:3      | Found a runed translucent door.
  3731 | D:3      | Noticed Crazy Yiuf
  4085 | D:4      | Found a staircase to the Ecumenical Temple.
  4174 | Temple   | Entered the Ecumenical Temple
  4365 | Temple   | Became a worshipper of Warmaster Okawaru
  4426 | D:4      | Reached XP level 5. HP: 33/39 MP: 7/9
  4609 | D:4      | Found a glowing golden altar of the Shining One.
  4620 | D:4      | Noticed Menkaure
  4630 | D:4      | Killed Menkaure
  4631 | D:4      | Reached XP level 6. HP: 7/47 MP: 5/10
  4934 | D:4      | Noticed Eustachio
  5065 | D:3      | Killed Eustachio
  5464 | D:5      | Entered Level 5 of the Dungeon
  5534 | D:5      | Reached XP level 7. HP: 51/54 MP: 3/11
  5610 | D:5      | Found Cemutick's Book Shoppe.
  5635 | D:5      | Reached skill level 1 in Invocations
  5725 | D:5      | Reached * piety under Okawaru
  6770 | D:5      | Noticed a two-headed ogre
  6987 | D:5      | Reached XP level 8. HP: 42/60 MP: 0/13
  7271 | D:5      | Learned a level 3 spell: Summon Guardian Golem
  7276 | D:5      | Learned a level 4 spell: Summon Lightning Spire
  7471 | D:6      | Reached skill level 1 in Evocations
  7844 | D:6      | Reached ** piety under Okawaru
  7845 | D:6      | Reached skill level 7 in Summonings
  8700 | D:6      | Reached skill level 8 in Summonings
  9404 | D:7      | Noticed Pikel
  9496 | D:7      | Reached skill level 5 in Fighting
  9496 | D:7      | Reached XP level 9. HP: 64/68 MP: 11/15
  9856 | D:7      | Reached skill level 5 in Invocations
 10268 | D:7      | Killed Pikel
 10268 | D:7      | Reached *** piety under Okawaru
 10269 | D:7      | Reached skill level 1 in Air Magic
 10544 | D:7      | Found Riac's Book Boutique.
 11482 | D:8      | Reached **** piety under Okawaru
 11755 | D:8      | Noticed a cyclops
 11756 | D:8      | Noticed a hornet
 11811 | D:8      | Noticed a troll
 12196 | D:9      | Reached skill level 9 in Summonings
 12260 | D:9      | Found a flagged portal.
 12358 | Bailey   | Entered a bailey
 14244 | Bailey   | Reached skill level 5 in Spellcasting
 15216 | Bailey   | Reached XP level 10. HP: 76/76 MP: 12/17
 15997 | Bailey   | Noticed a nameless horror
 16000 | Bailey   | Killed a nameless horror
 16045 | Bailey   | Identified the +6 glaive "Noirygig" {elec, Will+ rCorr}
 16047 | Bailey   | Noticed an orc knight
 16061 | Bailey   | Killed an orc knight
 16062 | Bailey   | Reached skill level 10 in Summonings
 17163 | D:9      | Reached skill level 11 in Summonings
 17748 | D:10     | Entered Level 10 of the Dungeon
 17960 | D:10     | Found Ikoudaox's Assorted Antiques.
 17968 | D:10     | Bought a scroll of teleportation for 66 gold pieces
 17968 | D:10     | Bought a puce potion for 19 gold pieces
 17990 | D:10     | Reached ***** piety under Okawaru
 18037 | D:10     | Noticed Erica
 18367 | D:10     | Reached skill level 12 in Summonings
 18748 | D:10     | Reached skill level 1 in Polearms
 18930 | D:10     | Noticed an oklob plant
 18957 | D:10     | Noticed an oklob plant
 19072 | D:10     | Found a staircase to the Lair.
 19382 | D:10     | Received a gift from Okawaru
 19822 | D:10     | Learned a level 6 spell: Shadow Creatures
 19919 | D:11     | Noticed a two-headed ogre
 19919 | D:11     | Noticed a two-headed ogre
 19924 | D:11     | Noticed an ogre mage
 19930 | D:11     | Noticed a two-headed ogre
 19937 | D:11     | Noticed a two-headed ogre
 19939 | D:11     | Paralysed by something for 6 turns
 19942 | D:11     | Noticed a two-headed ogre
 19955 | D:10     | Killed an ogre mage
 19956 | D:10     | Reached XP level 11. HP: 21/84 MP: 7/20
 20352 | D:11     | Found a gate leading to a gauntlet.
 20367 | D:11     | Killed a two-headed ogre
 20375 | Gauntlet | Entered a Gauntlet
 20375 | Gauntlet | Noticed a death scarab
 20375 | Gauntlet | Found a transporter.
 20375 | Gauntlet | Found a transporter.
 20375 | Gauntlet | Found a transporter.
 20496 | Gauntlet | Found a transporter.
 20498 | Gauntlet | Found a transporter.
 20501 | Gauntlet | Noticed a necromancer
 20509 | Gauntlet | Found a transporter.
 20510 | Gauntlet | Found a transporter.
 20516 | Gauntlet | Found a transporter.
 20535 | Gauntlet | Found a transporter.
 20535 | Gauntlet | Found a transporter.
 20535 | Gauntlet | Noticed a death yak
 20535 | Gauntlet | Noticed a death yak
 20537 | Gauntlet | Noticed a death yak
 20538 | Gauntlet | Noticed a death yak
 20540 | Gauntlet | Noticed a necromancer
 20542 | Gauntlet | Noticed a death yak
 20544 | Gauntlet | Noticed a death yak
 20557 | Gauntlet | Found a transporter.
 20583 | Gauntlet | Found a transporter.
 20775 | Gauntlet | Killed a death scarab
 21097 | Gauntlet | Reached skill level 5 in Polearms
 21851 | Gauntlet | Received a gift from Okawaru
 22039 | Gauntlet | Identified the +0 pair of gloves of Living Lucidity {Dex+10
                  | Slay+3 Stlth+}
 22339 | Gauntlet | Killed a necromancer
 22553 | Gauntlet | Identified the +3 long sword of Miafylots {protect, rC-
                  | Will+ Str+2}
 22553 | Gauntlet | Noticed a minotaur
 22565 | Gauntlet | Killed a minotaur
 22575 | Gauntlet | Identified the +1 robe "Deoj" {rN+ Dex+4}
 22587 | Gauntlet | Got the Handbook of Earthen Curses
 22589 | Gauntlet | Identified the +0 robe "Juckeod" {rPois Regen+}
 22796 | D:11     | Killed a two-headed ogre
 22799 | D:11     | Killed a two-headed ogre
 22803 | D:11     | Killed a two-headed ogre
 22862 | D:11     | Identified the +0 buckler "Asuezullu" {rElec Str+2}
                  | (Okawaru gifted it to you on level 11 of the Dungeon)
 22862 | D:11     | Received a gift from Okawaru
 22863 | D:11     | Reached skill level 13 in Summonings
 23006 | D:11     | Noticed a two-headed ogre
 23009 | D:11     | Noticed a boulder beetle
 23028 | D:11     | Killed a two-headed ogre
 23029 | D:11     | Reached XP level 12. HP: 80/92 MP: 13/21
 23092 | D:11     | Killed a two-headed ogre
 23098 | D:11     | Killed a boulder beetle
 23443 | D:11     | Reached skill level 14 in Summonings
 24094 | D:11     | Acquired the ring of the Trout {Will+ Str+6 SInv}
 24390 | D:3      | Killed Crazy Yiuf
 24475 | D:3      | Killed Ijyb
 24583 | D:5      | Killed a two-headed ogre
 25029 | D:8      | Reached ****** piety under Okawaru
 25151 | D:8      | Learned a level 5 spell: Summon Forest
 25471 | D:10     | Killed Erica
 25472 | D:10     | Reached skill level 10 in Polearms
 25717 | Lair:1   | Entered Level 1 of the Lair of Beasts
 25717 | Lair:1   | Noticed a five-headed hydra
 25720 | Lair:1   | Reached skill level 15 in Summonings
 25724 | Lair:1   | Received a gift from Okawaru
 25732 | Lair:1   | Killed a two-headed hydra
 25733 | Lair:1   | Reached skill level 1 in Armour
 26558 | Lair:1   | Noticed a seven-headed hydra
 26575 | Lair:1   | Killed a five-headed hydra
 26575 | Lair:1   | Received a gift from Okawaru
 26766 | Lair:1   | Noticed Gastronok
 26780 | Lair:1   | Killed Gastronok
 26781 | Lair:1   | Gained mutation: You can hop long distances. [Barachi
                  | growth]
 26781 | Lair:1   | Reached XP level 13. HP: 99/99 MP: 2/22
 26909 | Lair:1   | Reached skill level 5 in Dodging
 26915 | Lair:1   | Reached skill level 5 in Evocations
 28365 | Lair:2   | Received a gift from Okawaru
 28974 | Lair:2   | Received a gift from Okawaru
 29929 | Lair:3   | Noticed Urug
 29938 | Lair:3   | Killed Urug
 30020 | Lair:3   | Found a staircase to the Swamp.
 30713 | Lair:3   | Received a gift from Okawaru
 31000 | Lair:3   | Reached XP level 14. HP: 109/109 MP: 23/23
 31041 | Lair:3   | Identified the +6 falchion of Ru's Pride {protect, SInv}
 31298 | Lair:3   | Reached skill level 10 in Fighting
 31616 | Lair:3   | Found a staircase to the Snake Pit.
 31993 | Lair:4   | Received a gift from Okawaru
 32323 | Lair:4   | Reached XP level 15. HP: 115/115 MP: 24/24
 32926 | Lair:4   | Learned a level 5 spell: Summon Mana Viper
 33492 | Lair:5   | Received a gift from Okawaru
 34058 | Lair:5   | Found a viscous altar of Jiyva.
 34058 | Lair:5   | Found a staircase to the Slime Pits.
 34841 | Lair:6   | Entered Level 6 of the Lair of Beasts
 34919 | Lair:6   | Reached skill level 10 in Invocations
 35200 | Lair:6   | Reached skill level 1 in Translocations
 35206 | Lair:6   | Reached skill level 1 in Hexes
 36274 | Lair:6   | Identified the +0 chain mail of the Blue Skies {rC++ rN+}
 36972 | D:12     | Identified the +6 demon trident of Okawaru's Condemnation
                  | {freeze, rN++ Int-5} (Okawaru gifted it to you on level 12
                  | of the Dungeon)
 36972 | D:12     | Received a gift from Okawaru
 37760 | D:12     | Found a staircase to the Orcish Mines.
 37880 | D:12     | Reached skill level 16 in Summonings
 38242 | D:12     | Identified the ring "Fopez" {Fly rF+ Int-2 Dex+2 SInv}
 38953 | Orc:1    | Entered Level 1 of the Orcish Mines
 39583 | Orc:1    | Found a runed translucent gate.
 39584 | Orc:1    | Found a runed translucent gate.
 39584 | Orc:1    | Identified the +7 hand axe of the Singing Ancients
                  | {antimagic, +Blink rC+ Int-3 Dex+3}
 39585 | Orc:1    | Found a runed translucent gate.
 39586 | Orc:1    | Noticed ma3's ghost (journeyman DEAE)
 39897 | Orc:2    | Entered Level 2 of the Orcish Mines
 40058 | Orc:2    | Found a staircase to the Elven Halls.
 40088 | Orc:2    | Noticed Saint Roka
 40413 | Orc:2    | Noticed an orc warlord
 40580 | Orc:1    | Found a shimmering blue altar of Sif Muna.
 41224 | Orc:2    | Identified the +3 hat of Okawaru's Envy {Harm rN+} (Okawaru
                  | gifted it to you on level 2 of the Orcish Mines)
 41224 | Orc:2    | Received a gift from Okawaru
 41236 | Orc:2    | Killed an orc warlord
 41579 | Orc:2    | Found Tasam's Assorted Antiques.
 41911 | Orc:2    | Slain by Saint Roka

Illustrated notes

Levels and vault maps discovered:
D:1:      giann_horns, layout_loops_ring, basic_ecumenical_altar,
          corexii_leaking_fountain
D:2:      layout_basic, basic_altar, serial_forest, infiniplex_forest_corner_1,
          infiniplex_forest_straight_2, infiniplex_forest_side_room,
          infiniplex_forest_clump_tiny, infiniplex_forest_zigzag_2,
          infiniplex_forest_end_1, infiniplex_forest_clump_small,
          infiniplex_forest_clump_double, infiniplex_forest_diagonal
D:3:      layout_rooms, supply_closet_lemuel, small_statue_intersection,
          serial_park_tiny_pond, serial_bayou_crossing, uniq_crazy_yiuf_cottage,
          uniq_ijyb
D:4:      layout_loops_ring, mainiacjoe_overflow_tiny_flanked,
          minmay_temple_entry_glass, uniq_eustachio, uniq_menkaure
D:5:      lemuel_ratsnest, layout_gridville, serial_shops, nicolae_diamond_shop,
          grunt_ministairs_4, corexii_hall_statues_u
D:6:      layout_loops_cross, roderic_cross_of_infinity
D:7:      layout_basic, serial_shops, kennysheep_mini, uniq_pikel
D:8:      layout_loops_corners, minmay_sticks_and_stones
D:9:      layout_gridville, enter_bailey_4
D:10:     layout_loops_corners, dpeg_oklobed_lair, serial_shops,
          nicolae_shop_waterfront, corner_web_ring, chequers_mini_garden,
          uniq_erica
D:11:     cheibrodos_fzero, layout_rooms, gauntlet_entry_generic,
          nicolae_two_hexagons
D:12:     statuecave_lemuel, layout_layer_cave, orc_0_dummy
Temple:   minmay_crystal_snake_temple
Lair:1:   layout_cave_pods, minmay_lair_oklob_items, minmay_hedge_maze,
          chequers_serial_rivers_room_a, serial_bayou_shore_b, uniq_gastronok
Lair:2:   wander_river, layout_chaotic_city, lemuel_fruit_fields
Lair:3:   layout_hall_layers, minmay_swamp_entry_eels,
          minmay_snake_entry_guardpost_medium, uniq_urug
Lair:4:   layout_small_grid
Lair:5:   onia_ninara_swampy_vault, layout_gridlike,
          dpeg_slime_entry_enclosed_altar, patterned_corridor
Lair:6:   due_jungle_book, layout_regular_city
Orc:1:    minmay_goldmine, layout_caves, biasface_ghost_orc_armoury,
          kennysheep_orc_sif_temple
Orc:2:    pf_orc_diabolical, layout_caves, serial_shops,
          nicolae_shop_overgrown_old_shop, basic_altar, uniq_saint_roka

Skill      XL: |  1  2  3  4  5  6  7  8  9 10 11 12 13 14 15 |
---------------+----------------------------------------------+-----
Fighting       | 1 2 3 4 5 6 7 8 9 10 | 10.0
Summonings     | 5 6 8 9 12 13 15 16 | 16.5
Spellcasting   | 3 4 5 6 7 |  7.3
Stealth        | 2 3 4 |  4.0
Dodging        | 3 4 7 8 |  8.0
Invocations    | 4 6 8 10 | 10.0
Evocations     | 4 6 |  6.0
Air Magic      | 3 4 |  4.0
Polearms       | 3 8 10 11 12 | 12.0
Armour         | 2 4 |  4.0
Throwing       | 2 |  2.7
Translocations | 4 |  4.0
Hexes          | 4 |  4.0

Action                   |  1- 3 |  4- 6 |  7- 9 | 10-12 | 13-15 || total
-------------------------+-------+-------+-------+-------+-------++-------
Melee: Unarmed           |    38 |       |       |       |       ||    38
       Dagger            |    94 |       |       |       |       ||    94
       Flail             |     9 |    23 |    57 |    15 |       ||   104
       Falchion          |       |    63 |       |       |       ||    63
       Rapier            |       |     9 |   217 |   149 |       ||   375
       Glaive            |       |       |       |   189 |   619 ||   808
       Scimitar          |       |       |       |     7 |    16 ||    23
       Halberd           |       |       |       |       |    22 ||    22
Throw: Dart              |       |       |    19 |     7 |     2 ||    28
 Cast: Summon Small Mamm |    15 |       |       |       |       ||    15
       Call Imp          |    12 |    14 |    42 |       |       ||    68
       Call Canine Famil |       |     6 |    49 |    40 |     6 ||   101
       Summon Guardian G |       |       |    13 |     8 |       ||    21
       Summon Lightning  |       |       |       |    36 |    15 ||    51
       Shadow Creatures  |       |       |       |    17 |    99 ||   116
       Summon Forest     |       |       |       |       |    13 ||    13
Invok: Heroism           |       |       |     5 |    18 |    15 ||    38
       Finesse           |       |       |       |       |     1 ||     1
 Abil: Hop               |       |       |     3 |     2 |     6 ||    11
Evoke: Wand              |       |       |     7 |     3 |     9 ||    19
  Use: Scroll            |     7 |     1 |     6 |    14 |     6 ||    34
       Potion            |       |     1 |     1 |     1 |     2 ||     5
 Stab: Distracted        |     1 |     1 |     3 |     8 |     9 ||    22
       Sleeping          |     2 |     1 |     7 |     8 |     9 ||    27
       Paralysed         |       |       |     3 |     3 |       ||     6
       Petrifying        |       |       |       |       |     2 ||     2
       Petrified         |       |       |       |       |     1 ||     1
Armor: Robe              |    14 |       |       |       |       ||    14
       Leather armour    |    37 |    48 |   118 |   123 |   190 ||   516
Dodge: Dodged            |   109 |    81 |   264 |   274 |   464 ||  1192
       Rpst.: Falchion   |       |    16 |       |       |       ||    16
       Scimitar          |       |       |       |     1 |       ||     1

Table legend: (Time is in decaauts)
 A = Elapsed time spent in this place.
 B = Non-inter-level travel time spent in this place.
 C = Inter-level travel time spent in this place.
 D = Time resting spent in this place.
 E = Time spent auto-exploring this place.
 F = Levels seen in this place.
 G = Mean time per level.
                   A        B        C        D        E       F      G
               +--------+--------+--------+--------+--------+-----+--------+
         Total |  45634 |  43368 |   2266 |  15040 |  21853 |  23 | 1984.1 |
       Dungeon |  23651 |  22098 |   1553 |   6692 |  12438 |  12 | 1970.9 |
        Temple |    259 |    212 |     47 |      0 |    209 |   1 |  259.0 |
          Lair |  11878 |  11370 |    508 |   2876 |   6956 |   6 | 1979.7 |
  Orcish Mines |   3266 |   3110 |    156 |    687 |   1735 |   2 | 1633.0 |
        Bailey |   4097 |   4097 |      0 |   3073 |    172 |   1 | 4097.0 |
      Gauntlet |   2481 |   2481 |      0 |   1711 |    342 |   1 | 2481.0 |
               +--------+--------+--------+--------+--------+-----+--------+

Top non-repeatable levels by time:
  Bailey: 4097 daAuts
    D:10: 3401 daAuts
  Lair:1: 2547 daAuts
Gauntlet: 2481 daAuts
    D:12: 2470 daAuts
  Lair:2: 2247 daAuts
     D:5: 2232 daAuts
     D:6: 2213 daAuts
     D:8: 2198 daAuts
  Lair:5: 2068 daAuts
  Lair:3: 1990 daAuts
  Lair:6: 1887 daAuts
     D:9: 1722 daAuts
    D:11: 1719 daAuts
     D:1: 1717 daAuts
